PCL
SPOKANE TRAPPERS @ LAS VEGAS STARS
09/28/2029
 
TOP OF THE 1ST
Spokane Trappers batting - Pitching for Las Vegas Stars : RHP Adrián Serrano
Pitching: RHP Adrián Serrano
Batting: RHB Shizue Chouda 0-0: Ball
1-0: Swinging Strike
1-1: Swinging Strike
1-2: Strikes out looking
Batting: RHB Carlos García 0-0: Ball
1-0: Swinging Strike
1-1: Foul Ball, location: 2F
1-2: Ball
2-2: Fly out, F8 (Flyball, 8RXD)
Batting: SHB Mark Wells 0-0: Ball
1-0: Called Strike
1-1: Called Strike
1-2: DOUBLE (Flyball, 78D)
Batting: RHB José Herrera 0-0: Called Strike
0-1: Called Strike
0-2: Fly out, F6 (Flyball, 56D)
Top of the 1st over - 0 runs, 1 hit, 0 errors, 1 left on base; Spokane 0 - Las Vegas 0
BOTTOM OF THE 1ST
Las Vegas Stars batting - Pitching for Spokane Trappers : RHP Riley Johnston
Pitching: RHP Riley Johnston
Batting: RHB Guo-xiu Choi 0-0: Called Strike
0-1: Called Strike
0-2: Fly out, F9 (Flyball, 9)
Batting: RHB Juan Valverde 0-0: SINGLE (Groundball, 56D)
Batting: RHB José García 0-0: Ball
1-0: Swinging Strike
1-1: Foul Ball, location: 2F
1-2: Ball
2-2: Ball
3-2: Foul Ball, location: 2F
3-2: Fielders Choice at 2nd, 3-6 (Groundball, 34)
Batting: LHB Patrick Osborne 0-0: Ball
Throwing error on steal attempt, E2
José García to third
1-0: Called Strike
1-1: 2-RUN HOME RUN (Flyball, 9LD), Distance : 409 ft
Batting: RHB Zhong Shui 0-0: Fly out, F3 (Popup, 34)
Bottom of the 1st over - 2 runs, 2 hits, 1 error, 0 left on base; Spokane 0 - Las Vegas 2
TOP OF THE 2ND
Spokane Trappers batting - Pitching for Las Vegas Stars : RHP Adrián Serrano
Batting: LHB Willie Wallace 0-0: Called Strike
0-1: Called Strike
0-2: Foul Ball, location: 2F
0-2: Ball
1-2: Fly out, F8 (Flyball, 8RM)
Batting: RHB Danny Crouch 0-0: SINGLE (Groundball, 6MD)
Batting: LHB Tommy Evans 0-0: Called Strike
0-1: Called Strike
0-2: Ball
1-2: Ball
2-2: Strikes out swinging
Batting: RHB Trent Rasmussen 0-0: Swinging Strike
0-1: Ball
1-1: Foul Ball, location: 2F
1-2: Ball
2-2: Foul Ball, location: 2F
2-2: Ball
3-2: Foul Ball, location: 2F
3-2: Base on Balls
Danny Crouch to second
Batting: RHB Alberto Velásquez 0-0: Called Strike
0-1: Fly out, F7 (Flyball, 7D)
Top of the 2nd over - 0 runs, 1 hit, 0 errors, 2 left on base; Spokane 0 - Las Vegas 2
BOTTOM OF THE 2ND
Las Vegas Stars batting - Pitching for Spokane Trappers : RHP Riley Johnston
Batting: LHB Clint Parkinson 0-0: Foul Ball, location: 2F
0-1: Foul Ball, location: 2F
0-2: SINGLE (Flyball, 8RM)
Batting: RHB Patrick Daniels 0-0: Called Strike
0-1: Ball
1-1: Foul Ball, location: 2F
1-2: Ball
2-2: Foul Ball, location: 2F
2-2: Strikes out swinging
Batting: RHB Bobby Miller 0-0: Ball
1-0: Swinging Strike
1-1: Foul Ball, location: 2F
1-2: Foul Ball, location: 2F
1-2: Strikes out looking
Batting: RHB Fernando Bórquez 0-0: Fly out, F9 (Flyball, 9)
Bottom of the 2nd over - 0 runs, 1 hit, 0 errors, 1 left on base; Spokane 0 - Las Vegas 2
TOP OF THE 3RD
Spokane Trappers batting - Pitching for Las Vegas Stars : RHP Adrián Serrano
Batting: RHB Shizue Chouda 0-0: Swinging Strike
0-1: Fly out, F7 (Flyball, 78D)
Batting: RHB Carlos García 0-0: Called Strike
0-1: Ball
1-1: Called Strike
1-2: SOLO HOME RUN (Flyball, 7D), Distance : 417 ft
Batting: SHB Mark Wells 0-0: Called Strike
0-1: Ball
1-1: Foul Ball, location: 2F
1-2: Strikes out swinging
Batting: RHB José Herrera 0-0: Ball
1-0: Swinging Strike
1-1: Called Strike
1-2: Ball
2-2: Ground out 4-3 (Groundball, 34D)
Top of the 3rd over - 1 run, 1 hit, 0 errors, 0 left on base; Spokane 1 - Las Vegas 2
BOTTOM OF THE 3RD
Las Vegas Stars batting - Pitching for Spokane Trappers : RHP Riley Johnston
Batting: RHB Guo-xiu Choi 0-0: DOUBLE (Flyball, 8RXD)
Batting: RHB Juan Valverde 0-0: Ball
1-0: Swinging Strike
1-1: Ball
2-1: SINGLE (Groundball, 6MD)
Guo-xiu Choi to third
Batting: RHB José García 0-0: Ball
1-0: Swinging Strike
1-1: Swinging Strike
1-2: Fielders Choice at 2nd, 1-6 (Groundball, P)
Batting: LHB Patrick Osborne 0-0: Called Strike
José García is caught stealing 2nd base
0-1: Ball
1-1: Ball
2-1: Foul Ball, location: 2F
2-2: Foul Ball, location: 2F
2-2: Ground out 6-3 (Groundball, 6)
Bottom of the 3rd over - 0 runs, 2 hits, 0 errors, 1 left on base; Spokane 1 - Las Vegas 2
TOP OF THE 4TH
Spokane Trappers batting - Pitching for Las Vegas Stars : RHP Adrián Serrano
Batting: LHB Willie Wallace 0-0: Foul Ball, location: 2F
0-1: Foul Ball, location: 2F
0-2: Foul Ball, location: 2F
0-2: Ball
1-2: Ball
2-2: Foul Ball, location: 2F
2-2: Fly out, F9 (Flyball, 9S)
Batting: RHB Danny Crouch 0-0: Called Strike
0-1: Called Strike
0-2: Strikes out looking
Batting: LHB Tommy Evans 0-0: Ground out 1-3 (Groundball, 13)
Top of the 4th over - 0 runs, 0 hits, 0 errors, 0 left on base; Spokane 1 - Las Vegas 2
BOTTOM OF THE 4TH
Las Vegas Stars batting - Pitching for Spokane Trappers : RHP Riley Johnston
Batting: RHB Zhong Shui 0-0: Ball
1-0: Ball
2-0: SOLO HOME RUN (Flyball, 7D), Distance : 411 ft
Batting: LHB Clint Parkinson 0-0: Foul Ball, location: 2F
0-1: Ball
1-1: Ball
2-1: Foul Ball, location: 2F
2-2: Fly out, F8 (Line Drive, 78M)
Now in CF: Enrique Mendoza
Batting: RHB Patrick Daniels 0-0: Swinging Strike
0-1: Ball
1-1: Called Strike
1-2: Ball
2-2: Ball
3-2: Base on Balls
Batting: RHB Bobby Miller 0-0: Ball
1-0: Ball
2-0: Called Strike
2-1: Called Strike
2-2: Fly out, F7 (Flyball, 7)
Batting: RHB Fernando Bórquez 0-0: Ball
1-0: Fly out, F7 (Flyball, 7S)
Bottom of the 4th over - 1 run, 1 hit, 0 errors, 1 left on base; Spokane 1 - Las Vegas 3
TOP OF THE 5TH
Spokane Trappers batting - Pitching for Las Vegas Stars : RHP Adrián Serrano
Batting: RHB Trent Rasmussen 0-0: Ball
1-0: Ball
2-0: Called Strike
2-1: Called Strike
2-2: SOLO HOME RUN (Line Drive, 7D), Distance : 411 ft
Batting: RHB Alberto Velásquez 0-0: SINGLE (Groundball, 56)
Batting: RHB Enrique Mendoza 0-0: Ball
1-0: Called Strike
1-1: Fly out, F8 (Flyball, 8RS)
Batting: RHB Carlos García 0-0: Ball
1-0: Ball
2-0: Called Strike
2-1: Ball
3-1: 2-RUN HOME RUN (Line Drive, 7LD), Distance : 385 ft
Batting: SHB Mark Wells 0-0: Called Strike
0-1: Foul Ball, location: 2F
0-2: SINGLE (Groundball, 6MD)
Batting: RHB José Herrera 0-0: Fly out, F7 (Line Drive, 7)
Batting: LHB Willie Wallace 0-0: Ball
1-0: Ball
2-0: Called Strike
2-1: Foul Ball, location: 2F
2-2: Foul Ball, location: 2F
2-2: Ball
3-2: Strikes out swinging
Top of the 5th over - 3 runs, 4 hits, 0 errors, 1 left on base; Spokane 4 - Las Vegas 3
BOTTOM OF THE 5TH
Las Vegas Stars batting - Pitching for Spokane Trappers : RHP Riley Johnston
Batting: RHB Guo-xiu Choi 0-0: Fly out, F8 (Line Drive, 8RXD)
Batting: RHB Juan Valverde 0-0: Foul Ball, location: 2F
0-1: Swinging Strike
0-2: Ball
1-2: Ball
2-2: Ball
3-2: SINGLE (Line Drive, 6D)
Batting: RHB José García 0-0: Ball
1-0: Swinging Strike
1-1: Called Strike
1-2: Strikes out swinging
Batting: LHB Patrick Osborne 0-0: Foul Ball, location: 2F
0-1: Fly out, F7 (Flyball, 7S)
Bottom of the 5th over - 0 runs, 1 hit, 0 errors, 1 left on base; Spokane 4 - Las Vegas 3
TOP OF THE 6TH
Spokane Trappers batting - Pitching for Las Vegas Stars : RHP Adrián Serrano
Batting: RHB Danny Crouch 0-0: Ball
1-0: Called Strike
1-1: Ball
2-1: Ball
3-1: Ground out 6-3 (Groundball, 6)
Batting: LHB Tommy Evans 0-0: Swinging Strike
0-1: Fly out, F8 (Flyball, 8RD)
Batting: RHB Trent Rasmussen 0-0: Ball
1-0: Ball
2-0: Called Strike
2-1: Swinging Strike
2-2: Strikes out swinging
Top of the 6th over - 0 runs, 0 hits, 0 errors, 0 left on base; Spokane 4 - Las Vegas 3
BOTTOM OF THE 6TH
Las Vegas Stars batting - Pitching for Spokane Trappers : RHP Riley Johnston
Batting: RHB Zhong Shui 0-0: Ball
1-0: Fly out, F5 (Popup, 5SF)
Batting: LHB Clint Parkinson 0-0: Ball
1-0: Called Strike
1-1: Ball
2-1: Ground out 1-3 (Groundball, P)
Batting: RHB Patrick Daniels 0-0: Foul Ball, location: 2F
0-1: Called Strike
0-2: Strikes out swinging
Bottom of the 6th over - 0 runs, 0 hits, 0 errors, 0 left on base; Spokane 4 - Las Vegas 3
TOP OF THE 7TH
Spokane Trappers batting - Pitching for Las Vegas Stars : RHP Adrián Serrano
Pitching: RHP Howard Joyce
Batting: RHB Alberto Velásquez 0-0: Ball
1-0: Foul Ball, location: 2F
1-1: Ball
2-1: Swinging Strike
2-2: Foul Ball, location: 2F
2-2: Strikes out looking
Batting: RHB Enrique Mendoza 0-0: Called Strike
0-1: Foul Ball, location: 2F
0-2: Ball
1-2: Strikes out looking
Batting: RHB Carlos García 0-0: Ball
1-0: Ball
2-0: Ball
3-0: Base on Balls
Batting: SHB Mark Wells 0-0: Called Strike
0-1: Ball
1-1: Fly out, F7 (Flyball, 78M)
Top of the 7th over - 0 runs, 0 hits, 0 errors, 1 left on base; Spokane 4 - Las Vegas 3
BOTTOM OF THE 7TH
Las Vegas Stars batting - Pitching for Spokane Trappers : RHP Riley Johnston
Batting: RHB Bobby Miller 0-0: SINGLE (Flyball, 7LS)
Batting: RHB Fernando Bórquez 0-0: Bunted foul
0-1: Sac Bunt - play at first, batter OUT! 1-4
Bobby Miller to second
Batting: RHB Guo-xiu Choi 0-0: Ball
1-0: Fly out, F8 (Flyball, 8RS)
Batting: RHB Juan Valverde 0-0: SINGLE (Line Drive, 7LS)
Bobby Miller to third
Runner from 3rd tries for Home, SAFE, no throw
Batting: RHB José García 0-0: Fly out, F8 (Flyball, 8LM)
Bottom of the 7th over - 1 run, 2 hits, 0 errors, 1 left on base; Spokane 4 - Las Vegas 4
TOP OF THE 8TH
Spokane Trappers batting - Pitching for Las Vegas Stars : RHP Howard Joyce
Batting: RHB José Herrera 0-0: Ball
1-0: Foul Ball, location: 2F
1-1: DOUBLE (Line Drive, 89M)
Batting: LHB Willie Wallace 0-0: Intentional Walk
Pinch Hitting: LHB Lorenzo Flores 0-0: Ball
1-0: Bunted foul
1-1: Ball
2-1: Sac Bunt - play at first, batter OUT! 2-4
José Herrera to third
Willie Wallace to second
Pitching: LHP Júlio Aguilar
Pinch Hitting: RHB Gustavo Ortíz 0-0: Intentional Walk
Pitching: RHP Roberto Moreno
Batting: RHB Trent Rasmussen 0-0: Called Strike
0-1: Foul Ball, location: 2F
0-2: Ball
1-2: Strikes out swinging
Pinch Hitting: SHB Chris Bennis 0-0: Ball
1-0: Foul Ball, location: 2F
1-1: Foul Ball, location: 2F
1-2: Ball
2-2: Ball
3-2: Foul Ball, location: 2F
3-2: Foul Ball, location: 2F
3-2: Base on Balls
José Herrera scores
Willie Wallace to third
Gustavo Ortíz to second
Batting: RHB Enrique Mendoza 0-0: Called Strike
0-1: Ball
1-1: Foul Ball, location: 2F
1-2: SINGLE (Line Drive, 78S)
Willie Wallace scores
Gustavo Ortíz to third
Chris Bennis to second
Batting: RHB Carlos García 0-0: Ball
1-0: Called Strike
1-1: Ball
2-1: Ball
3-1: Foul Ball, location: 2F
3-2: Base on Balls
Gustavo Ortíz scores
Chris Bennis to third
Enrique Mendoza to second
Batting: SHB Mark Wells 0-0: Ball
1-0: Called Strike
1-1: Fly out, F3 (Popup, 3F)
Top of the 8th over - 3 runs, 2 hits, 0 errors, 3 left on base; Spokane 7 - Las Vegas 4
BOTTOM OF THE 8TH
Las Vegas Stars batting - Pitching for Spokane Trappers : RHP Riley Johnston
Now at 2B: John Craig
Now at 3B: Gustavo Ortíz
Now at SS: Dave Mullen
Batting: LHB Patrick Osborne 0-0: Called Strike
0-1: Ground out 3-1 (Groundball, 34)
Batting: RHB Zhong Shui 0-0: Ground out 6-3 (Groundball, 6)
Batting: LHB Clint Parkinson 0-0: SINGLE (Flyball, 78M)
Batting: RHB Patrick Daniels 0-0: Called Strike
0-1: Foul Ball, location: 2F
0-2: Fly out, F3 (Popup, 34S)
Bottom of the 8th over - 0 runs, 1 hit, 0 errors, 1 left on base; Spokane 7 - Las Vegas 4
TOP OF THE 9TH
Spokane Trappers batting - Pitching for Las Vegas Stars : RHP Roberto Moreno
Batting: RHB José Herrera 0-0: Ball
1-0: DOUBLE (Flyball, 8LXD)
Batting: LHB Willie Wallace 0-0: Intentional Walk
Batting: RHB John Craig 0-0: Sac Bunt - play at first, batter OUT! 1-3
José Herrera to third
Willie Wallace to second
Batting: RHB Gustavo Ortíz 0-0: Intentional Walk
Pitching: LHP Gian-Andrea Nota
Pinch Hitting: RHB Roberto Cruz 0-0: Ball
1-0: Ball
2-0: Called Strike
2-1: Foul Ball, location: 2F
2-2: Foul Ball, location: 2F
2-2: SINGLE (Groundball, 56D)
José Herrera scores
Willie Wallace to third
Gustavo Ortíz to second
Runner from 3rd tries for Home, SAFE, no throw
Batting: RHB Dave Mullen 0-0: Called Strike
0-1: Ball
1-1: Ball
2-1: Ground out U3 (Groundball, 3S)
Gustavo Ortíz to third
Roberto Cruz to second
Batting: RHB Enrique Mendoza 0-0: DOUBLE (Line Drive, 9LS)
Gustavo Ortíz scores
Roberto Cruz scores
Batting: RHB Carlos García 0-0: Ball
1-0: Ball
2-0: Ball
3-0: Called Strike
3-1: Base on Balls
Batting: SHB Mark Wells 0-0: Fielders Choice at 2nd, 6-4 (Groundball, 6)
Top of the 9th over - 4 runs, 3 hits, 0 errors, 2 left on base; Spokane 11 - Las Vegas 4
BOTTOM OF THE 9TH
Las Vegas Stars batting - Pitching for Spokane Trappers : RHP Riley Johnston
Now at C: António Martínez
Batting: RHB Bobby Miller 0-0: Called Strike
0-1: Ball
1-1: Swinging Strike
1-2: Ball
2-2: Ground out 1-3 (Groundball, 15S)
Batting: RHB Fernando Bórquez 0-0: Ball
1-0: Ground out 5-3 (Groundball, 56)
Batting: RHB Guo-xiu Choi 0-0: Swinging Strike
0-1: Ground out 6-3 (Groundball, 6)
Bottom of the 9th over - 0 runs, 0 hits, 0 errors, 0 left on base; Spokane 11 - Las Vegas 4
Saturday, December 16th, 2017 - OOTP Baseball 18.8 Build 76